 Dungeon Crawl Stone Soup version 0.18-a0-1164-g7046a04 (webtiles) character file.

27 4thArraOfDagon the Gusty (level 2, -1/20 HPs)
             Began as a Centaur Air Elementalist on Jan 25, 2016.
             Slain by a worm (7 damage)
             ... on level 2 of the Dungeon.
             The game lasted 00:03:32 (496 turns).

4thArraOfDagon the Gusty (Centaur Air Elementalist)  Turns: 496, Time: 00:03:33

Health: -1/20      AC:  4    Str: 10    XL:     2   Next: 93%
Magic:  0/4        EV:  9    Int: 14    God:
Gold:   36         SH:  0    Dex:  9    Spells: 2 memorised, 1 level left

rFire  . . .     SeeInvis .     g - +0 dagger (venom)
rCold  . . .     Gourm    .     a - +0 robe
rNeg   . . .     Faith    .     (no shield)
rPois  .         Spirit   .     (no helmet)
rElec  .         Dismiss  .     (no cloak)
rCorr  .         Reflect  .     (no gloves)
SustAt .         Harm     .     (no barding)
MR     .....                    (no amulet)
Stlth  +.........               (no ring)
                                (no ring)

@: very slightly contaminated, very quick, not resistant to hostile
enchantments, very unstealthy
A: hooves 3, deformed body, speed 2, tough skin 3
a: no special abilities


You were on level 2 of the Dungeon.
You were not hungry.

You visited 1 branch of the dungeon, and saw 3 of its levels.

You collected 36 gold pieces.

Inventory:

Hand Weapons
 d - a +0 club
 g - a +0 dagger of venom (weapon)
Armour
 a - a +0 robe (worn)
Scrolls
 f - 2 scrolls of identify {unknown}
 h - a scroll of enchant armour {unknown}
Potions
 e - a potion of agility {unknown}
 j - 2 potions of curing {unknown}
Books
 b - a book of Air

   Spells                             Type                      Level
   a - Shock                          Conjuration/Air              1
   b - Swiftness                      Charms/Air                   2
   c - Repel Missiles                 Charms/Air                   2
   d - Static Discharge               Conjuration/Air              3
   e - Lightning Bolt                 Conjuration/Air              5
Comestibles
 c - a bread ration
 i - a chunk of flesh


   Skills:
 - Level 1.3 Dodging
 - Level 1.2 Stealth
 + Level 1.9 Spellcasting
 * Level 1.5 Conjurations
 * Level 3.2 Air Magic


You had one spell level left.
You knew the following spells:

 Your Spells              Type           Power        Failure   Level  Hunger
a - Shock                 Conj/Air       #...         12%         1    ##.....
b - Repel Missiles        Chrm/Air       #.....       21%         2    ###....


Dungeon Overview and Level Annotations

Branches:
Dungeon (3/15)

Altars:


Innate Abilities, Weirdness & Mutations

You have hooves in place of feet.
Armour fits poorly on your strangely shaped body.
You cover ground very quickly.
You have extremely tough skin (AC +3).


Message History

You feel a strange surge of energy!
You start resting.
Casting: Repel Missiles
Confirm with . or Enter, or press ? or * to list all spells.
Aiming: Shock
Press: ? - help, Shift-Dir - straight line The zap misses the kobold.
The zap hits the kobold.
The kobold is heavily wounded.
The kobold throws a stone.
The stone hits you but does no damage.
Casting: Shock
Confirm with . or Enter, or press ? or * to list all spells.
Aiming: Shock
Press: ? - help, Shift-Dir - straight line The zap misses the kobold.
The zap hits the kobold.
You kill the kobold!
Things that are here:
3 stones; a kobold corpse You hit the worm but do no damage.
The worm is poisoned.
You kick the worm, but do no damage. The worm bites you!
You die...

...#.......w.#<.#.........#
......!......##...........#
#....K............>.....#
##.........#####†######.######
####.K.......#####†#...........##
.[...............##.............#
.....##..##(######.÷.............
..##..#.###.####(................
#........†...†.w@#(.^............
#####..###########...............
#..# #............... ##.#
#.....†......... #.#
##...>.........# #.#
##.....#.....## ### ########....#
#....# #....#


You could see a worm.

Vanquished Creatures
  An adder (D:2)
  2 bats (D:2)
  3 goblins
  2 jackals (D:2)
  5 kobolds
  2 giant newts
  2 rats
17 creatures vanquished.

Notes
Turn   | Place    | Note
--------------------------------------------------------------
     0 | D:1      | 4thArraOfDagon the Centaur Air Elementalist began the quest for the Orb.
     0 | D:1      | Reached XP level 1. HP: 14/14 MP: 3/3
     7 | D:1      | 4thArraOfDagon: sup
    55 | D:1      | Reached skill level 1 in Conjurations
   173 | D:2      | Reached skill level 3 in Air Magic
   252 | D:1      | Reached XP level 2. HP: 5/20 MP: 1/4
   344 | D:2      | Learned a level 2 spell: Repel Missiles
   496 | D:2      | Slain by a worm

Vault maps used:
D:1:      shiori_arrival_oz
D:2:      first_bread, minmay_tree_intersection
D:3:      minmay_door_path

Action                   || total
-------------------------++-------
Melee: Club              ||    14
       Dagger            ||    16
       Unarmed           ||     1
 Cast: Shock             ||    16
       Repel Missiles    ||     1
